 Dungeon Crawl Stone Soup version 0.31-a0-239-g0a1456f148 (webtiles) character file.

Game seed: 8342281030516754537

83 qw the Shooter (level 4, -3/36 HPs)
             Began as a Minotaur Hexslinger on July 11, 2023.
             Slain by an orc
             ... wielding a +2 mace of protection
              (5 damage)
             ... on level 3 of the Dungeon.
             The game lasted 00:00:37 (1307 turns).

qw the Shooter (Minotaur Hexslinger)                Turns: 1307, Time: 00:00:37

Health: -3/36      AC:  5    Str: 13    XL:     4   Next: 22%
Magic:  4/4        EV: 11    Int: 10    God:
Gold:   209        SH:  0    Dex: 14    Spells: 4/5 levels left

rFire   . . .        Y - +2 sling
rCold   . . .        (no shield)
rNeg    . . .        i - +0 ring mail
rPois   .            (helmet restricted)
rElec   .            (no cloak)
rCorr   .            (no gloves)
SInv    .            (no boots)
Will    .....        (no amulet)
Stlth   +            (no ring)
HPRegen 0.26/turn    (no ring)
MPRegen 0.09/turn

%: no passive effects
@: lethally poisoned (-3 -> -7), about to teleport
A: horns 2, retaliatory headbutt
a: no special abilities


You were on level 3 of the Dungeon.
You visited 1 branch of the dungeon, and saw 3 of its levels.

You collected 209 gold pieces.


Innate Abilities, Weirdness & Mutations

You have a pair of horns on your head.
You reflexively headbutt those who attack you in melee.


   Skills:
 - Level 2.0 Fighting
 + Level 4.6 Ranged Weapons
 - Level 1.0 Armour
 - Level 2.1 Dodging
 - Level 1.0 Spellcasting
 - Level 2.0 Hexes


You had 4 spell levels left.
You knew the following spells:

 Your Spells              Type           Power      Damage    Failure   Level
a - Slow                  Hex            16%        N/A       32%         1

Your spell library contained the following spells:

 Spells                   Type           Power      Damage    Failure   Level
 Inner Flame              Hex/Fire       2%         N/A       82%         3
 Portal Projectile        Hex/Tloc       4%         N/A       82%         3
 Cause Fear               Hex            2%         N/A       97%         4

Inventory:

Hand Weapons
 Y - a +2 sling (weapon)
Armour
 i - a +0 ring mail (worn)
Jewellery
 d - a ring of ice
Scrolls
 a - a scroll of identify
Potions
 f - a potion of heal wounds {unknown}
 h - a potion of enlightenment {unknown}

Dungeon Overview and Level Annotations

Branches:
Dungeon (3/15)

Altars:
Ru


Message History

An orc comes into view. It is wielding a +2 mace of protection.
You shoot a sling bullet. The orc shouts!
The sling bullet hits the orc wizard.
The orc wizard is heavily wounded.
You shoot a sling bullet.
The sling bullet barely misses the orc wizard.
The sling bullet hits the orc.
The orc is severely wounded.
You shoot a sling bullet.
The sling bullet closely misses the orc wizard.
The sling bullet hits the orc but does no damage.
The orc wizard hits you but does no damage.
You are poisoned.
You shoot a sling bullet.
The sling bullet barely misses the orc wizard.
The sling bullet barely misses the orc.
You feel very sick.
The orc wizard hits you with a +2 dagger of venom.
You are more poisoned.
You shoot a sling bullet.
The sling bullet barely misses the orc wizard.
The sling bullet closely misses the orc.
You feel very sick.
The orc wizard gestures at you while chanting.
You resist with significant effort.
You shoot a sling bullet. The sling bullet hits the orc wizard.
The orc wizard is almost dead.
You feel very sick.
You shoot a sling bullet. The sling bullet hits the orc wizard.
You kill the orc wizard!
You feel very sick.
The orc hits you with a +2 mace of protection.
You have reached level 4!
You feel stronger.
1307 ||| READING scroll of teleportation.
As you read the scroll of teleportation, it crumbles to dust.
You feel strangely unstable.
You feel sick.
The orc hits you with a +2 mace of protection.
You die...

######## #######
#......# ##.......
#......####.o......
######..........@o......
#.....##.#.......)......
.......#.........<......
........................
........................
..........).............
........................
..................######
.................#


You could see 2 orcs.

Vanquished Creatures
  An orc wizard (D:3)
  2 dart slugs
  2 orcs (D:3)
  3 endoplasms
  3 giant cockroaches
  6 goblins
  4 hobgoblins
  3 quokkas (D:1)
  3 ball pythons
  2 bats (D:1)
  4 frilled lizards
  9 kobolds
  9 rats
51 creatures vanquished.

Notes
Turn   | Place    | Note
-------+----------+-------------------------------------------
     0 | D:1      | qw the Minotaur Hexslinger began the quest for the Orb.
     0 | D:1      | Reached XP level 1. HP: 16/16 MP: 1/1
     0 | D:1      | 0 ||| qw: Version: 0.3-a-52-g30416fa
     0 | D:1      | 0 ||| qw: Game counter: 5897
     0 | D:1      | 0 ||| qw: Melee chars always use a shield: true
     0 | D:1      | 0 ||| qw: God list: Okawaru
     0 | D:1      | 0 ||| qw: Allow faded altars: false
     0 | D:1      | 0 ||| qw: Do Orc after clearing Dungeon:15 true
     0 | D:1      | 0 ||| qw: Do second Lair branch before Depths: true
     0 | D:1      | 0 ||| qw: Lair rune preference: random
     0 | D:1      | 0 ||| qw: Goals: Normal
     0 | D:1      | 0 ||| PLANNING D:1-11
    34 | D:1      | 34 ||| Stepping ~*~*~tactically~*~*~ (outnumbered).
    41 | D:1      | Reached skill level 3 in Ranged Weapons
    45 | D:1      | Reached XP level 2. HP: 20/23 MP: 2/2
   497 | D:1      | Reached XP level 3. HP: 29/29 MP: 3/3
   555 | D:1      | 555 ||| UPGRADING to +0 ring mail.
   565 | D:1      | 565 ||| DROPPING +0 robe.
   566 | D:1      | 566 ||| READING scroll labelled OFFIEM APOOX.
   567 | D:1      | 567 ||| READING scroll labelled RAORUO GAIDAKI.
   568 | D:1      | 568 ||| READING scroll labelled BUPNEUFROJ.
   569 | D:1      | 569 ||| DROPPING scroll of poison.
   695 | D:2      | Reached skill level 4 in Ranged Weapons
   958 | D:2      | Reached skill level 1 in Armour
  1018 | D:2      | 1018 ||| READING scroll labelled CACAKO QIBBUAC.
  1019 | D:2      | 1019 ||| READING 2 scrolls labelled OTOCEEVORI.
  1024 | D:2      | 1024 ||| READING scroll labelled TODWOF SOC.
  1066 | D:3      | HP: 6/29 [orc/+1 flail of pain (3)]
  1067 | D:3      | 1067 ||| READING scroll of teleportation.
  1181 | D:3      | Found a sacrificial altar of Ru.
  1306 | D:3      | HP: 3/29 [orc/+2 mace of protection (5)]
  1307 | D:3      | Reached XP level 4. HP: 3/36 MP: 4/4
  1307 | D:3      | 1307 ||| READING scroll of teleportation.
  1307 | D:3      | Slain by an orc

Levels and vault maps discovered:
D:1:      amcnicky_arrival_wind_blow, layout_basic
D:2:      cheibrodos_old_hovel, layout_basic
D:3:      layout_rooms, mainiacjoe_overflow_brackets,
          mainiacjoe_overflow_alcove_4, amcnicky_altar_gilded,
          minmay_misc_feat_x

Skill      XL: |  1  2  3 |
---------------+----------+-----
Ranged Weapons | 3 4 |  4.6
Fighting       | 2 |  2.0
Armour         | 1 |  1.0
Dodging        | |  2.1
Spellcasting   | |  1.0
Hexes          | |  2.0

Action                     |  1- 3 |  4- 6 || total
---------------------------+-------+-------++-------
   Fire: Sling             |   137 |       ||   137
    Use: Scroll            |     7 |     1 ||     8
 Armour: Robe              |    10 |       ||    10
         Ring mail         |     5 |       ||     5
  Dodge: Dodged            |    35 |       ||    35

Table legend:
 A = Non-vault XP
 B = Vault XP
 C = Vault XP percentage of total XP
 D = Non-vault monster count
 E = Vault monster count
 F = Vault count percentage of total count
                 A         B        C        D         E       F
            +---------+---------+-------+---------+---------+-------
      Total |     117 |       2 |   1.7 |      50 |       1 |   2.0
            +---------+---------+-------+---------+---------+-------
        D:1 |      43 |       0 |   0.0 |      28 |       0 |   0.0
        D:2 |      30 |       2 |   6.2 |      16 |       1 |   5.9
        D:3 |      44 |       0 |   0.0 |       6 |       0 |   0.0
            +---------+---------+-------+---------+---------+-------
